 Dungeon Crawl Stone Soup version 0.23-a0-301-g9da9e51 (webtiles) character file.

627 Amnesiac the Digger (level 7, -13/59 HPs)
             Began as a Troll Earth Elementalist on Oct 7, 2018.
             Killed by divine providence
             ... invoked by an orc priest
              (18 damage)
             ... on level 6 of the Dungeon.
             The game lasted 00:05:22 (1241 turns).

Amnesiac the Digger (Troll Earth Elementalist)      Turns: 1241, Time: 00:05:23

Health: -13/59     AC:  9    Str: 17    XL:     7   Next: 23%
Magic:  10/10      EV: 10    Int: 13    God:
Gold:   50         SH:  0    Dex: 10    Spells: 6/12 levels left

rFire    . . .     SeeInvis .   o - +0 long sword (slice)
rCold    . . .     Gourm    +   (no shield)
rNeg     . . .     Faith    .   c - +0 robe
rPois    .         Spirit   .   (helmet restricted)
rElec    .         Reflect  .   e - +0 cloak
rCorr    .         Harm     +   (gloves unavailable)
MR       .....                  (boots unavailable)
Stlth    ..........             q - amulet of harm
HPRegen  0.59/turn              g - +3 ring of protection
MPRegen  0.12/turn              r - ring of attention (curse)

@: no status effects
A: large, unfitting armour, claws 3, fast metabolism 3, gourmand, regeneration
1, shaggy fur 1, tough skin 2
a: no special abilities


You were on level 6 of the Dungeon.
You were very full.

You visited 1 branch of the dungeon, and saw 6 of its levels.

You collected 122 gold pieces.
You spent 72 gold pieces at shops.

Inventory:

Hand Weapons
 o - a +0 long sword of slicing (weapon)
Missiles
 b - 92 stones (quivered)
Armour
 c - a +0 robe (worn)
 e - a +0 cloak (worn)
Jewellery
 g - a +3 ring of protection (left claw)
 q - an amulet of harm (around neck)
 r - a cursed ring of attention (right claw)
Wands
 i - a wand of polymorph (13)
 k - a wand of digging (17)
Scrolls
 l - a scroll of random uselessness {!r, unknown}
 m - a scroll of enchant weapon {!r, unknown}
Potions
 a - 3 potions of heal wounds {!q}
Comestibles
 d - 3 rations
 f - 9 chunks of flesh


   Skills:
 - Level 1.5 Dodging
 - Level 1.0 Stealth
 + Level 3.0 Spellcasting
 - Level 0.6 Transmutations
 * Level 6.4 Earth Magic


You had 6 spell levels left.
You knew the following spells:

 Your Spells              Type           Power        Failure   Level  Hunger
a - Sandblast             Erth           ###...       1%          1    #......
b - Passwall              Tmut/Erth      ##......     9%          2    ##.....
c - Stone Arrow           Conj/Erth      ##....       19%         3    ###....

Your spell library contained the following spells:

 Spells                   Type           Power        Failure   Level  Hunger
 Lee's Rapid Deconstruct  Erth           ###.......   41%         5    ######.
 Petrify                  Tmut/Erth      ##......     47%         4    #####..


Dungeon Overview and Level Annotations

Branches:
Dungeon (6/15)
 Temple: D:4-7

Altars:
Hepliaklqana
Makhleb
Trog
The Shining One

Shops:
D:5 *

Annotations:
D:2 exclusion: door
D:6 exclusion: oklob plant


Innate Abilities, Weirdness & Mutations

You are too large for most types of armour.
You have claws for hands.
Your metabolism is lightning-fast.
You like to eat raw meat.
Your natural rate of healing is unusually fast.
You are covered in fur. (AC +1)
You have very tough skin. (AC +2)


Message History

You destroy the adder skeleton!
The wight hits you but does no damage.
You hit the worker ant zombie but do no damage.
The wight hits you but does no damage. The wight barely misses you.
The worker ant zombie bites you but does no damage.
The wight misses you.
You hear the quick rusting of a very distant drain.
The worker ant zombie closely misses you.
A howler monkey zombie comes into view.
A quokka zombie comes into view.
Some of the chunks of flesh in your inventory have rotted away.
The howler monkey zombie misses you. The wight closely misses you.
You riposte.
You hit the wight but do no damage. You hit the wight but do no damage.
The wight hits you but does no damage.
A bullfrog zombie comes into view.
The wight barely misses you.
You closely miss the wight. The wight barely misses you.
An orc warrior comes into view. It is wielding a flail.
The bullfrog zombie closely misses you.
The bullfrog zombie hits you but does no damage.
An orc comes into view. It is wielding a hand axe.
The bullfrog zombie hits you but does no damage.
You completely miss the bullfrog zombie.
The bullfrog zombie hits you but does no damage.
You barely miss the wight. The centaur zombie misses you.
The centaur zombie hits you.
You hit the wight.
The wight is moderately damaged.
The wight closely misses you.
An orc comes into view. It is wielding a club.
The centaur zombie hits you. The wight barely misses you.
The centaur zombie hits you.
You hit the wight.
The wight is moderately damaged.
The centaur zombie hits you. The wight hits you but does no damage.
You hit the wight but do no damage.
The wight is moderately damaged.
The centaur zombie closely misses you. The wight closely misses you.
You riposte.
You hit the wight but do no damage.
The wight is moderately damaged.
The orc warrior barely misses you.
The centaur zombie hits you but does no damage.
The wight misses you.
You closely miss the wight.
The wight is moderately damaged.
The centaur zombie hits you but does no damage.
The orc warrior hits you with a flail. The wight barely misses you.
The centaur zombie hits you. The quokka zombie barely misses you.
You riposte.
You slash the quokka zombie!
You destroy the quokka zombie!
The centaur zombie hits you but does no damage.
The orc warrior hits you with a flail!
* * * LOW HITPOINT WARNING * * *
The orc barely misses you. The orc warrior hits you with a flail!
* * * LOW HITPOINT WARNING * * *
An orc priest comes into view.
The centaur zombie hits you.
* * * LOW HITPOINT WARNING * * *
The orc priest shouts!
The centaur zombie hits you.
* * * LOW HITPOINT WARNING * * *
The orc priest calls down the wrath of Beogh upon you.
Beogh smites you!
You die...

######### #........Zz.#
.........# #.......###.#
..........# #.......# #Z#
..........# #.......# #z# .
..........# #.......# #.# ...
..........###.......###Z#.....
....................z.Z........
..........###...o.o.###........
...............@Z.zz.oZ........
#......#.######..#o.##........
# #..8...#..# ##.#...#........
..#......#.... #.#...#........
[............. ...............
##.......<####.##....#........
.......##.# .#.............
#...#..# .. ....## ......
##...#<# .P. ......


You could see an orc warrior, 3 wights, an orc priest, 2 orcs, a bullfrog
zombie, a centaur zombie and a howler monkey zombie.

Vanquished Creatures
  A sky beast (D:5)
  An eye of draining (D:5)
  An ogre (D:6)
  A centaur (D:6)
  A bullfrog (D:3)
  A bullfrog skeleton (D:6)
  A centaur skeleton (D:5)
  An iguana (D:6)
  A hound zombie (D:6)
  4 adders
  4 gnolls (D:5)
  A shadow imp (D:5)
  2 adder skeletons
  A worm (D:5)
  A leopard gecko (D:6)
  2 orcs
  3 giant cockroaches
  2 goblins
  2 hobgoblins
  2 ball pythons (D:6)
  3 bats
  3 frilled lizards
  A jackal skeleton (D:5)
  2 kobolds
  2 quokka skeletons
  A quokka zombie (D:6)
  A rat (D:1)
46 creatures vanquished.

Vanquished Creatures (others)
  A jackal (D:4)
1 creature vanquished.

Grand Total: 47 creatures vanquished

Notes
Turn   | Place    | Note
-------+----------+-------------------------------------------
     0 | D:1      | Amnesiac the Troll Earth Elementalist began the quest for
                  | the Orb.
     0 | D:1      | Reached XP level 1. HP: 16/16 MP: 1/1
   197 | D:1      | You fall through a shaft!
   210 | D:2      | Reached skill level 3 in Earth Magic
   228 | D:2      | Reached XP level 2. HP: 24/24 MP: 3/3
   232 | D:2      | Learned a level 2 spell: Passwall
   457 | D:3      | Noticed a bullfrog
   468 | D:3      | Killed a bullfrog
   468 | D:3      | Reached skill level 4 in Earth Magic
   468 | D:3      | Reached XP level 3. HP: 17/31 MP: 4/4
   468 | D:3      | Reached XP level 4. HP: 21/39 MP: 5/5
   473 | D:3      | Learned a level 3 spell: Stone Arrow
   531 | D:5      | Entered Level 5 of the Dungeon
   616 | D:5      | Found Gibym's Assorted Antiques.
   632 | D:5      | Bought a scroll labeled PUUZOPNIGI for 24 gold pieces
   632 | D:5      | Bought a scroll labeled MEENWE VAGEAD for 24 gold pieces
   632 | D:5      | Bought a scroll labeled FEYD UMNINE for 24 gold pieces
   669 | D:5      | Found a bloodstained altar of Trog.
   669 | D:5      | Noticed an eye of draining
   692 | D:5      | Killed an eye of draining
   692 | D:5      | Reached XP level 5. HP: 45/45 MP: 1/7
   736 | D:5      | Reached skill level 5 in Earth Magic
   755 | D:6      | Noticed a centaur
   819 | D:5      | Found a hazy altar of Hepliaklqana.
   820 | D:5      | Found a burning altar of Makhleb.
   869 | D:5      | Reached XP level 6. HP: 36/53 MP: 1/8
   902 | D:6      | Noticed a sky beast
   952 | D:5      | Killed a sky beast
  1059 | D:6      | Reached skill level 6 in Earth Magic
  1067 | D:6      | Reached XP level 7. HP: 26/59 MP: 1/10
  1199 | D:6      | Found a glowing golden altar of the Shining One.
  1200 | D:6      | Noticed an oklob plant
  1241 | D:6      | Killed from afar by an orc priest

Vault maps used:
D:1:      dpeg_arrival_concentric_ovals
D:2:      first_ration, kennysheep_potato
D:3:      uniq_grinder
D:4:      serial_column_ruins, column_ruins_columns_straight,
          column_ruins_grid_1, column_ruins_grid_1, column_ruins_grid_3,
          column_ruins_grid_3, column_ruins_open_medium, xom_confusion_cloud
D:5:      nicolae_overflow_hidden_temple, trog_eyes_of_draining, serial_shops,
          nicolae_shop_overgrown_old_shop
D:6:      lemuel_slime, minmay_temple_entry_purple_smoke, serial_undead,
          serial_undead_e, serial_undead_d, serial_undead_c, serial_undead_c,
          serial_undead_d, serial_undead_f, portal_sewer_entry_e,
          lemuel_oklob_altar

Skill      XL: |  1  2  3  4  5  6 |
---------------+-------------------+-----
Earth Magic    | 3 4 5 6 |  6.4
Spellcasting   | 2 3 |  3.0
Dodging        | |  1.5
Stealth        | |  1.0
Transmutations | |  0.6

Action                   |  1- 3 |  4- 6 |  7- 9 || total
-------------------------+-------+-------+-------++-------
Melee: Unarmed           |    39 |    54 |       ||    93
       Long sword        |       |    21 |    15 ||    36
 Cast: Sandblast         |       |    26 |     7 ||    33
  Use: Scroll            |       |       |     5 ||     5
  Eat: Chunk             |    10 |     6 |     1 ||    17
Armor: Robe              |    16 |    36 |    16 ||    68
Dodge: Dodged            |    21 |    42 |    24 ||    87
       Rpst.: Long sword |       |     8 |     6 ||    14

Table legend:
 A = Non-vault XP
 B = Vault XP
 C = Vault XP percentage of total XP
 D = Non-vault monster count
 E = Vault monster count
 F = Vault count percentage of total count
                 A         B        C        D         E       F
            +---------+---------+-------+---------+---------+-------
      Total |     699 |     197 |  22.0 |      38 |       8 |  17.4
            +---------+---------+-------+---------+---------+-------
        D:1 |       7 |       0 |   0.0 |       5 |       0 |   0.0
        D:2 |      11 |       0 |   0.0 |       6 |       0 |   0.0
        D:3 |      97 |       0 |   0.0 |       2 |       0 |   0.0
        D:4 |       5 |       0 |   0.0 |       3 |       0 |   0.0
        D:5 |     294 |     128 |  30.3 |      15 |       3 |  16.7
        D:6 |     285 |      69 |  19.5 |       7 |       5 |  41.7
            +---------+---------+-------+---------+---------+-------
